 Dungeon Crawl Stone Soup version 0.29-a0-575-g0dc89cf053 (webtiles) character file.

Game seed: 11495168119724675967

4 spiderkeys the Skirmisher (level 1, 0/19 HPs)
             Began as a Meteoran Abyssal Knight on June 12, 2022.
             Was a Believer of Lugonu.
             Slain by a jackal (3 damage)
             ... on level 1 of the Dungeon.
             The game lasted 00:00:37 (293 turns).

spiderkeys the Skirmisher (Meteoran Abyssal Knight)  Turns: 293, Time: 00:00:37

Health: 0/19       AC:  3    Str: 14    XL:     1   Next: 85%
Magic:  3/3        EV: 11    Int: 11    God:    Lugonu [**....]
Gold:   0          SH:  0    Dex: 14    Spells: 0/0 levels left

rFire   . . .      SeeInvis .   a - +1 spear
rCold   . . .      Faith    .   (no shield)
rNeg    . . .      Spirit   .   b - +0 leather armour
rPois   .          Reflect  .   (no helmet)
rElec   .          Harm     .   (no cloak)
rCorr   .          Rampage  .   (no gloves)
Will    .....                   (no boots)
Stlth   +.........              (no amulet)
HPRegen 0.06/turn               (no ring)
MPRegen 0.08/turn               (no ring)

@: glowing
A: sense surroundings 1, otherworldly, glowing, explore regen
a: Renounce Religion, Depart the Abyss, Bend Space


You were on level 1 of the Dungeon.
You worshipped Lugonu.
Lugonu was pleased with you.
You visited 1 branch of the dungeon, and saw 1 of its levels.
You visited the Abyss 1 time.


Innate Abilities, Weirdness & Mutations

You passively map a small area around you.
You are easily found by Zot.
You glow in the dark.
You regain HP and MP as you explore.


   Skills:
 + Level 3.3 Fighting
 + Level 2.5 Polearms
 + Level 2.5 Armour
 + Level 1.3 Dodging
 + Level 2.5 Invocations


You couldn't memorise any spells.
You didn't know any spells.
Your spell library was empty.

Inventory:

Hand Weapons
 a - a +1 spear (weapon)
Armour
 b - a +0 leather armour (worn)
Potions
 c - a potion of lignification {unknown}
 d - a potion of berserk rage {unknown}

Dungeon Overview and Level Annotations

Branches:
Dungeon (1/15)

Altars:

## ...* .# .. ... ...
... #.###.# #..+#≈≈# ,*
*.###.. ... #..#....* ,
......##.#,#..≈....≈....
.........#+#..≈..⌠.≈.$..
..............≈..§.≈....
..............#.... ....
......h@.....###§≈###≈≈#
.....[hhh....#.....#....
*
.........#.#.#.....≈....
.........#.#.#...).≈.⌠<.
.........#.#.#.....≈..).
*,
.........#...#.....#....
#........###.......##≈≈#
, +........#
##..#####.... * ,, ,
#.......#####


You could see 4 jackals.


Message History

You barely miss the hobgoblin. The hobgoblin barely misses you.
The frilled lizard bites you. 😕 HP[-2]
You take 2 damage, and now have 17/19 hp.
You hit the hobgoblin. The hobgoblin hits you.
The frilled lizard closely misses you.
A frilled lizard comes into view. 😮 HP[-4]
You take 4 damage, and now have 13/19 hp.
MASSIVE DAMAGE!! (PAUSE)
You hit the hobgoblin.
You kill the hobgoblin!
Lugonu accepts your kill. The frilled lizard bites you. 😮 HP[-2]
You take 2 damage, and now have 11/19 hp.
The frilled lizard bites you but does no damage.
You see here a hobgoblin corpse.
You hit the frilled lizard.
You kill the frilled lizard!
Lugonu accepts your kill.
The frilled lizard bites you but does no damage.
You see here a frilled lizard corpse.
The frilled lizard attacks as you move away!
The frilled lizard closely misses you.
The frilled lizard bites you but does no damage.
The frilled lizard closely misses you. The frilled lizard barely misses you.
You see here a hobgoblin corpse.
You hit the frilled lizard.
You kill the frilled lizard!
Lugonu accepts your kill.
You see here a frilled lizard corpse. 😮 HP[+1] 😮 HP[+2]
You regained 2 hp, and now have 14/19 hp.
d - a puce potion 😕 HP[+1] 😕 HP[+1]
A quokka comes into view. 😕 HP[+1] 😎 HP[+2]
Your hp is fully restored (19).
A jackal comes into view.
The jackal barks!
A jackal comes into view.
A jackal comes into view.
The jackal barks! x2
The quokka bites you. 😕 HP[-1]
You take 1 damage, and now have 18/19 hp.
You hit the quokka.
The jackal pauses to sniff the ground.
The quokka closely misses you.
You hit the quokka. The jackal barely misses you. The quokka misses you.
The jackal barely misses you.
You hit the quokka but do no damage. The quokka bites you.
The jackal barely misses you.
A jackal comes into view. 😕 HP[-1]
You take 1 damage, and now have 17/19 hp.
You hit the quokka but do no damage. The jackal barely misses you. x2
The quokka closely misses you. The jackal bites you. 😕 HP[-1]
You take 1 damage, and now have 16/19 hp.
You hit the quokka but do no damage. The jackal closely misses you.
The jackal bites you but does no damage.
The jackal bites you. The quokka barely misses you. 😮 HP[-3]
You take 3 damage, and now have 13/19 hp.
You hit the quokka.
You kill the quokka!
Lugonu accepts your kill.
The jackal bites you but does no damage.
The jackal bites you.
The jackal bites you but does no damage.
The jackal barely misses you.
The jackal bites you but does no damage. x2 😮 HP[-1]
You take 1 damage, and now have 12/19 hp.
You hit the jackal but do no damage. The jackal bites you.
The jackal closely misses you. The jackal bites you.
* * * LOW HITPOINT WARNING * * *
😨 HP[-4]
You take 4 damage, and now have 8/19 hp.
MASSIVE DAMAGE!! (PAUSE)
You barely miss the jackal. The jackal bites you.
* * * LOW HITPOINT WARNING * * *
The jackal bites you.
* * * LOW HITPOINT WARNING * * *
The jackal bites you.
* * * LOW HITPOINT WARNING * * *
😨 HP[-3]
You take 3 damage, and now have 5/19 hp.
You hit the jackal. Your punch misses the jackal. The jackal bites you.
* * * LOW HITPOINT WARNING * * *
The jackal bites you.
* * * LOW HITPOINT WARNING * * *
The jackal bites you.
You die...

Action                   || total
-------------------------++-------
Melee: Spear             ||    17
Armor: Leather armour    ||     8
Dodge: Dodged            ||    17

Levels and vault maps discovered:
D:1:      dpeg_arrival_rooms_with_view, layout_basic, minmay_hedge_maze

Notes
Turn   | Place    | Note
-------+----------+-------------------------------------------
     0 | Abyss:1  | spiderkeys the Meteoran Abyssal Knight began the quest for
                  | the Orb.
     0 | Abyss:1  | Reached XP level 1. HP: 19/19 MP: 3/3
     0 | Abyss:1  | magus.rc [v1.11.3]
   133 | Abyss:1  | Found a corrupted altar of Lugonu.
   202 | Abyss:1  | Found a corrupted altar of Lugonu.
   233 | D:1      | You pass through the gate.
   233 | D:1      | Escaped the Abyss
   293 | D:1      | HP: 4/19 [jackal (1)]
   293 | D:1      | Slain by a jackal

Vanquished Creatures
  A hobgoblin (D:1)
  A quokka (D:1)
  2 frilled lizards (D:1)
4 creatures vanquished.

Table legend:
 A = Non-vault XP
 B = Vault XP
 C = Vault XP percentage of total XP
 D = Non-vault monster count
 E = Vault monster count
 F = Vault count percentage of total count
                 A         B        C        D         E       F
            +---------+---------+-------+---------+---------+-------
      Total |       4 |       2 |  33.3 |       3 |       1 |  25.0
            +---------+---------+-------+---------+---------+-------
        D:1 |       4 |       2 |  33.3 |       3 |       1 |  25.0
            +---------+---------+-------+---------+---------+-------

Illustrated notes

Table legend:
 A = Kills in this place as a percentage of kills in entire the game.
 B = Kills by you in this place as a percentage of kills by you in the entire game.
 C = Kills by friends in this place as a percentage of kills by friends in the entire game.
 D = Other kills in this place as a percentage of other kills in the entire game.
 E = Experience gained in this place as a percentage of experience gained in the entire game.
 F = Experience gained in this place divided by the number of levels of this place that you have seen.
                   A       B       C       D       E      F
               +-------+-------+-------+-------+-------+----------------------
         Total | 100.0 | 100.0 |   N/A |   N/A | 100.0 |   3.0
       Dungeon | 100.0 | 100.0 |   N/A |   N/A | 100.0 |   6.0
               +-------+-------+-------+-------+-------+----------------------

Table legend: (Time is in decaauts)
 A = Elapsed time spent in this place.
 B = Non-inter-level travel time spent in this place.
 C = Inter-level travel time spent in this place.
 D = Time resting spent in this place.
 E = Time spent auto-exploring this place.
 F = Levels seen in this place.
 G = Mean time per level.
                   A        B        C        D        E       F      G
               +--------+--------+--------+--------+--------+-----+--------+
         Total |    292 |    292 |      0 |      0 |    207 |   2 |  146.0 |
       Dungeon |     59 |     59 |      0 |      0 |      7 |   1 |   59.0 |
         Abyss |    233 |    233 |      0 |      0 |    200 |   1 |  233.0 |
               +--------+--------+--------+--------+--------+-----+--------+

Top non-repeatable levels by time:
 Abyss:1: 233 daAuts
     D:1: 59 daAuts
